 Dungeon Crawl Stone Soup version 0.20.1-1-g8b1a95d66d (webtiles) character file.

694 NullDivider the Caller (level 7, -1/51 HPs)
             Began as a Merfolk Summoner on Dec 13, 2017.
             Killed by the air
             ... invoked by Giliarius's ghost
              (8 damage)
             ... on level 6 of the Dungeon.
             The game lasted 00:48:36 (5074 turns).

NullDivider the Caller (Merfolk Summoner)           Turns: 5074, Time: 00:48:37

Health: -1/51      AC:  5    Str:  8    XL:     7   Next: 64%
Magic:  14/21      EV: 15    Int: 16    God:
Gold:   295        SH:  3    Dex: 15    Spells: 9/12 levels left

rFire    . . .     SeeInvis .   v - +0 trident
rCold    . . .     Gourm    .   (no shield)
rNeg     . . .     Faith    .   a - +0 robe
rPois    .         Spirit   .   (no helmet)
rElec    .         Reflect  +   p - +0 cloak
rCorr    .         Harm     .   e - +0 pair of gloves
MR       .....                  A - +0 pair of boots
Stlth    +++.......             o - +3 amulet of reflection
Regen    0.2/turn               (no ring)
MPRegen  0.2/turn               B - ring of magical power

@: no status effects
A: change form in water, swift swim, stealthy swim
a: no special abilities


You were on level 6 of the Dungeon.
You were not hungry.

You visited 1 branch of the dungeon, and saw 6 of its levels.

You collected 295 gold pieces.

Inventory:

Hand Weapons
 m - a +2 short sword of holy wrath
 v - a +0 trident (weapon)
Armour
 a - a +0 robe (worn)
 e - a +0 pair of gloves (worn)
 f - a +3 ring mail
 p - a +0 cloak (worn)
 A - a +0 pair of boots (worn)
 E - a +0 buckler
Magical Staves
 r - an uncursed staff of death
Jewellery
 o - a +3 amulet of reflection (around neck)
 t - an uncursed amulet of magic regeneration {unknown}
 y - a cursed amulet of inaccuracy {unknown}
 B - a ring of magical power (right hand)
 H - an uncursed ring of ice
Wands
 I - a wand of enslavement (13/24)
Scrolls
 d - 2 scrolls of amnesia {unknown}
 h - 2 scrolls of immolation {unknown}
 k - 2 scrolls of enchant weapon {unknown}
 l - 5 scrolls of remove curse
 n - 3 scrolls of teleportation
 s - 2 scrolls of magic mapping {unknown}
 x - a scroll of fog {unknown}
 z - a scroll of blinking {unknown}
 D - 2 scrolls of recharging {unknown}
 F - 3 scrolls of identify {unknown}
 J - 3 scrolls of enchant armour {unknown}
Potions
 j - a potion of resistance
 q - 2 potions of heal wounds {unknown}
 u - 4 potions of haste {unknown}
 w - a potion of mutation {unknown}
 K - a potion of cancellation {unknown}
 L - a potion of lignification {unknown}
 N - a potion of berserk rage {unknown}
Books
 b - a book of Callings

   Spells                             Type                      Level
   a - Summon Small Mammal            Summoning                    1
   b - Call Imp                       Summoning                    2
   c - Call Canine Familiar           Summoning                    3
   d - Summon Guardian Golem          Hexes/Summoning              3
   e - Summon Lightning Spire         Summoning/Air                4
   f - Summon Ice Beast               Ice/Summoning                4
Comestibles
 c - 5 bread rations
 g - 5 meat rations
 i - 4 royal jellies
 C - 9 fruits


   Skills:
 + Level 2.9 Fighting
 + Level 3.8 Polearms
 + Level 4.7 Dodging
 + Level 4.4 Stealth
 + Level 3.4 Spellcasting
 * Level 5.8 Summonings


You had 9 spell levels left.
You knew the following spells:

 Your Spells              Type           Power        Failure   Level  Hunger
a - Summon Small Mammal   Summ           ###.         1%          1    None
b - Call Imp              Summ           ###.....     2%          2    ##.....


Dungeon Overview and Level Annotations

Branches:
Dungeon (6/15)
 Temple: D:4-7

Altars:
Gozag
Ru

Annotations:
D:4 Dowan, Duvessa
D:6 Giliarius's ghost, novice DEAE


Message History

You swap places.
Giliarius's ghost waves its arms in wide circles.
The air twists around and strikes you!
* * * LOW HITPOINT WARNING * * *
Your white imp hits Giliarius's ghost but does no damage.
Giliarius's ghost hits your white imp.
Your white imp closely misses Giliarius's ghost.
Giliarius's ghost waves its arms in wide circles.
The air twists around and strikes you!
* * * LOW HITPOINT WARNING * * *
Your white imp hits Giliarius's ghost but does no damage.
You feel better.
Giliarius's ghost waves its arms in wide circles.
The air twists around and strikes you!
* * * LOW HITPOINT WARNING * * *
Giliarius's ghost hits your crimson imp.
Giliarius's ghost hits your crimson imp.
Giliarius's ghost waves its arms in wide circles.
The air twists around and strikes you!
You die...

#.#.# ##### #.#.#
....# #.#.# ....#
#.#.########
....###.#.#......#
..........#.####.#
....###.#......#.#
....# #.#.#.#..#.#
....# #.#.#.#..#@#
.#.## #.#.#.##.#.#
.#..< #.#.#....#.#
.######.#.######.#
.# #.#.. #5# .# ##
#5# #5# #W# #.#


You could see Giliarius's ghost, a friendly crimson imp and 2 friendly white
imps.

Vanquished Creatures
  An ogre (D:5)
  A bullfrog (D:5)
  A scorpion (D:4)
  A crimson imp (D:5)
  A jelly (D:5)
  A hound (D:4)
  An ooze (D:2)
  An adder zombie (D:5)
  A leopard gecko (D:5)
  2 orcs
  4 giant cockroaches
  4 goblins
  3 hobgoblins
  3 jackals (D:5)
  A kobold (D:2)
  A quokka (D:4)
  A rat (D:3)
28 creatures vanquished.

Vanquished Creatures (collateral kills)
  Edmund (D:4)
  A sky beast (D:6)
  3 ogres
  A scorpion (D:4)
  2 hounds (D:5)
  2 orc wizards (D:4)
  An orc priest (D:4)
  The ghost of fartsinmyface the Ducker, a weakling FeEn (D:4)
  An iguana (D:4)
  A hound skeleton (D:4)
  4 adders
  2 adder skeletons (D:5)
  2 leopard geckos
  8 orcs
  7 bats
  A giant cockroach (D:1)
  4 goblins
  7 hobgoblins
  A jackal (D:5)
  9 kobolds
  2 ball pythons
  3 frilled lizards
  A quokka skeleton (D:4)
  5 rats
70 creatures vanquished.

Grand Total: 98 creatures vanquished

Notes
Turn   | Place    | Note
-------+----------+-------------------------------------------
     0 | D:1      | NullDivider the Merfolk Summoner began the quest for the Orb.
     0 | D:1      | Reached XP level 1. HP: 13/13 MP: 3/3
     5 | D:1      | Noticed a minotaur skeleton
    15 | D:1      | Noticed a minotaur skeleton
   290 | D:1      | Reached XP level 2. HP: 19/19 MP: 3/5
  1384 | D:2      | Reached XP level 3. HP: 14/24 MP: 0/6
  1912 | D:2      | Learned a level 2 spell: Call Imp
  2671 | D:3      | Reached XP level 4. HP: 31/31 MP: 4/7
  2933 | D:4      | Noticed Dowan
  2947 | D:4      | Noticed Duvessa
  3083 | D:4      | Reached skill level 1 in Fighting
  3109 | D:4      | Reached skill level 1 in Polearms
  3109 | D:4      | Reached XP level 5. HP: 36/37 MP: 6/8
  3136 | D:4      | Noticed fartsinmyface's ghost (weakling FeEn)
  3145 | D:4      | Killed fartsinmyface's ghost
  3180 | D:4      | Noticed Edmund
  3241 | D:4      | Killed Edmund
  3241 | D:4      | Reached skill level 5 in Summonings
  3345 | D:4      | Noticed an ogre
  3356 | D:4      | Reached XP level 6. HP: 31/44 MP: 2/10
  4263 | D:5      | Entered Level 5 of the Dungeon
  4354 | D:5      | Reached XP level 7. HP: 50/50 MP: 10/11
  4792 | D:5      | Found an opulent altar of Gozag.
  4808 | D:5      | Found a sacrificial altar of Ru.
  5051 | D:6      | Noticed Giliarius's ghost (novice DEAE)
  5074 | D:6      | Killed from afar by Giliarius's ghost

Skill      XL: |  1  2  3  4  5  6 |
---------------+-------------------+-----
Dodging        | 3 4 |  4.7
Fighting       | 1 2 |  2.9
Stealth        | 3 4 |  4.4
Polearms       | 1 2 3 |  3.8
Summonings     | 5 |  5.8
Spellcasting   | 3 |  3.4

Action                   |  1- 3 |  4- 6 |  7- 9 || total
-------------------------+-------+-------+-------++-------
Melee: Unarmed           |    73 |       |       ||    73
       Short sword       |    15 |       |       ||    15
       Trident           |    12 |    74 |    36 ||   122
 Cast: Summon Small Mamm |    45 |     1 |       ||    46
       Call Imp          |     8 |    38 |    27 ||    73
  Use: Potion            |     2 |       |     1 ||     3
       Scroll            |       |     2 |       ||     2
 Stab: Distracted        |     1 |     2 |     1 ||     4
       Sleeping          |       |     4 |     1 ||     5
  Eat: Fruit             |     1 |       |       ||     1
       Chunk             |     6 |     6 |     5 ||    17
Armor: Robe              |    48 |    18 |    13 ||    79
Dodge: Dodged            |   110 |    37 |    25 ||   172
Block: Other             |       |     6 |     8 ||    14
